 Dungeon Crawl Stone Soup version 0.18.1-48-g4cf74bf (webtiles) character file.

163 Galewin the Chopper (level 5, -1/45 HPs)
             Began as a Draconian Berserker on July 18, 2016.
             Was a Priest of Trog.
             Slain by a scorpion (4 damage)
             ... on level 4 of the Dungeon.
             The game lasted 00:05:35 (1926 turns).

Galewin the Chopper (Draconian Berserker)           Turns: 1926, Time: 00:05:36

Health: -1/45      AC:  5    Str: 20    XL:     5   Next: 20%
Magic:  5/5        EV: 12    Int:  8    God:    Trog [***...]
Gold:   74         SH:  0    Dex: 10    Spells: 0 memorised, 4 levels left

rFire  . . .     SeeInvis .     a - +0 hand axe
rCold  . . .     Gourm    .     (armour unavailable)
rNeg   . . .     Faith    .     (no shield)
rPois  .         Spirit   .     (helmet restricted)
rElec  .         Dismiss  .     (no cloak)
rCorr  .         Reflect  .     (no gloves)
SustAt .         Harm     .     (no boots)
MR     ++...                    (no amulet)
Stlth  +.........               (no ring)
                                (no ring)

@: lethally poisoned (-1 -> -3), regenerating, very resistant to hostile
enchantments, very unstealthy
A: unfitting armour, cold-blooded, AC +5
a: Berserk, Trog's Hand, Burn Spellbooks, Renounce Religion


You were on level 4 of the Dungeon.
You worshipped Trog.
Trog was most pleased with you.
You were not hungry.

You visited 1 branch of the dungeon, and saw 4 of its levels.

You collected 74 gold pieces.

Inventory:

Hand Weapons
 a - a +0 hand axe (weapon)
Jewellery
 i - an uncursed amulet of rage {unknown}
 l - an uncursed amulet of dismissal {unknown}
Scrolls
 e - a scroll of magic mapping
 k - a scroll of teleportation {unknown}
 m - 2 scrolls of identify {unknown}
 o - a scroll of blinking {unknown}
Potions
 c - 2 potions of lignification {unknown}
 f - a potion of cancellation {unknown}
 g - a potion of brilliance {unknown}
 h - a potion of flight {unknown}
 n - 2 potions of invisibility {unknown}
 p - a potion of resistance {unknown}
Comestibles
 b - 5 bread rations
 d - 5 fruits
 j - 3 meat rations


   Skills:
 - Level 3.2 Fighting
 + Level 6.0 Axes
 - Level 2.6 Dodging


You had 4 spell levels left.
You didn't know any spells.

Dungeon Overview and Level Annotations

Branches:
Dungeon (4/15)
 Temple: D:4-7

Altars:
Ashenzari
Fedhas
Gozag
Kikubaaqudgha
Pakellas
Ru
Sif Muna
Xom
Zin


Innate Abilities, Weirdness & Mutations

Your plain brown scales are hard (AC +5).
Your body does not fit into most forms of armour.
You are cold-blooded and may be slowed by cold attacks.


Message History

The scorpion is severely wounded.
You feel sick. The scorpion stings you.
* * * LOW HITPOINT WARNING * * *
You are lethally poisoned!
The scorpion poisons you!
Your skin crawls.
You feel resistant to hostile enchantments.
You feel slightly more hungry.
You feel sick. The scorpion closely misses you.
You hit the scorpion.
The scorpion is almost dead.
You feel sick.
The scorpion stings you but does no damage.
You hit the scorpion but do no damage.
The scorpion is severely wounded.
You feel sick. The scorpion stings you!
* * * LOW HITPOINT WARNING * * *
You hit the scorpion but do no damage.
The scorpion is severely wounded.
You feel sick. The scorpion stings you.
You die...

## .....# .## ........
..## .......... #..####
..........###..... .##
...........##...###....
............#.......#
...........#...#@...#
.............###.s...#
#...........## ......#
### #.........##
#......# #.# #......##
#......# #.# ##....##
#......# ##.# ##..##
##.....# #.## ##..##
####..# #.# ##..## #.#


You could see a scorpion.

Vanquished Creatures
  An orc priest (D:3)
  Crazy Yiuf (D:2)
  Ijyb (D:3)
  A worm (D:2)
  4 dart slugs
  2 giant geckos (D:2)
  2 orcs (D:3)
  2 giant cockroaches
  8 goblins
  7 hobgoblins
  2 jackals (D:2)
  2 quokkas (D:2)
  2 ball pythons (D:1)
  10 bats
  4 giant newts
  8 kobolds
  14 rats
  A fungus (D:2)
72 creatures vanquished.

Notes
Turn   | Place    | Note
--------------------------------------------------------------
     0 | D:1      | Galewin the Draconian Berserker began the quest for the Orb.
     0 | D:1      | Reached XP level 1. HP: 19/19 MP: 1/1
   174 | D:1      | Reached XP level 2. HP: 26/26 MP: 2/2
   386 | D:1      | Reached skill level 4 in Axes
   494 | D:1      | Reached ** piety under Trog
   502 | D:1      | Reached XP level 3. HP: 25/31 MP: 3/3
  1107 | D:2      | Noticed Crazy Yiuf
  1117 | D:2      | Killed Crazy Yiuf
  1117 | D:2      | Reached skill level 5 in Axes
  1117 | D:2      | Reached XP level 4. HP: 38/38 MP: 4/4
  1240 | D:3      | Found an oddly glowing altar of Pakellas.
  1242 | D:3      | Found an ancient bone altar of Kikubaaqudgha.
  1279 | D:3      | Reached *** piety under Trog
  1302 | D:3      | Noticed Ijyb
  1340 | D:3      | Killed Ijyb
  1340 | D:3      | Reached XP level 5. HP: 30/45 MP: 5/5
  1569 | D:3      | Found an opulent altar of Gozag.
  1576 | D:3      | Found a sacrificial altar of Ru.
  1576 | D:3      | Found a blossoming altar of Fedhas.
  1576 | D:3      | Found a deep blue altar of Sif Muna.
  1576 | D:3      | Found a shattered altar of Ashenzari.
  1579 | D:3      | Found a glowing silver altar of Zin.
  1580 | D:3      | Found a shimmering altar of Xom.
  1881 | D:4      | Reached skill level 6 in Axes
  1926 | D:4      | Slain by a scorpion

Skill      XL: |  1  2  3  4  5 |
---------------+----------------+-----
Axes           | 4 5 6 |  6.0
Fighting       | |  3.2
Dodging        | |  2.6

Action                   |  1- 3 |  4- 6 || total
-------------------------+-------+-------++-------
Melee: Hand axe          |   156 |    87 ||   243
       Tailslap          |    12 |    11 ||    23
Invok: Berserk           |     2 |     2 ||     4
       Trog's Hand       |       |     2 ||     2
  Use: Scroll            |     3 |       ||     3
 Stab: Sleeping          |     2 |       ||     2
  Eat: Chunk             |     2 |     6 ||     8
Armor: Skin              |    43 |    21 ||    64
Dodge: Dodged            |   100 |    45 ||   145
